 Dungeon Crawl Stone Soup version 0.29-a0-322-g68df515 (webtiles) character file.

Game seed: 15322519643076356659

111797 Toastz the Bewitcher (level 17, -3/104 HPs)
             Began as a Kobold Enchanter on Apr 6, 2022.
             Was a Follower of Uskayaw.
             Shot with a bolt by a yaktaur captain (9 damage)
             ... on level 13 of the Dungeon.
             The game lasted 02:21:26 (29305 turns).

Toastz the Bewitcher (Kobold Enchanter)            Turns: 29305, Time: 02:21:26

Health: -3/104     AC: 22    Str:  5    XL:     17   Next: 13%
Magic:  37/39      EV: 20    Int: 26    God:    Uskayaw [*.....]
Gold:   1639       SH:  7    Dex: 26    Spells: 5/34 levels left

rFire   x . .      SeeInvis +   a - +9 quick blade
rCold   + . .      Faith    .   z - +1 buckler
rNeg    + . .      Spirit   .   T - +2 leather armour of the Gloaming {Rampage Dex+4}
rPois   .          Reflect  .   B - +3 helmet "Juphed" {rN+ Int+8}
rElec   +          Harm     .   v - +1 cloak
rCorr   .          Rampage  +   O - +2 pair of gloves
Will    +....                   p - +2 pair of boots
Stlth   ++++++....              x - amulet of the acrobat
HPRegen 0.27/turn               V - +4 ring of protection
MPRegen 0.26/turn               w - ring "Konlithra" {Ice rElec MP+9 Slay+6 SInv}

@: no status effects
A: small, no large weapons, nightstalker 3
a: Renounce Religion, Stomp


You were on level 13 of the Dungeon.
You worshipped Uskayaw.
Uskayaw was aware of your devotion.
You visited 3 branches of the dungeon, and saw 20 of its levels.
You also visited: Trove, Ossuary, Bailey and Gauntlet.

You collected 2120 gold pieces.
You spent 454 gold pieces at shops.
You donated 27 gold pieces to Zin.

Inventory:

Hand Weapons
 a - a +9 quick blade (weapon)
 b - a +0 dagger of venom
Missiles
 k - 2 throwing nets (quivered)
Armour
 p - a +2 pair of boots (worn)
 v - a +1 cloak (worn)
 z - a +1 buckler (worn)
 B - the +3 helmet "Juphed" (worn) {rN+ Int+8}
   (You found it in a Gauntlet)

   Int:       It affects your intelligence (+8).
   rN:        It protects you from negative energy.
 O - a +2 pair of gloves (worn)
 T - the +2 leather armour of the Gloaming (worn) {Rampage Dex+4}
   (You found it on level 9 of the Dungeon)

   Dex:       It affects your dexterity (+4).
   Rampage:   It bestows one free step when moving towards enemies.
Jewellery
 f - an amulet of faith
 m - the ring "Peyss" {rC- Will+ MP+9 Str+2 Slay+3}
   (You found it on level 11 of the Dungeon)

   [ring of magical power]

   Str:       It affects your strength (+2).
   Slay:      It affects your accuracy & damage with ranged weapons and melee
   (+3).
   rC:        It makes you vulnerable to cold.
   MP:        It affects your magic capacity (+9).
   Will:      It increases your willpower.
 r - the ring "Mueczemi" {rPois Str+5 Int+4}
   (You found it on level 6 of the Lair of Beasts)

   [ring of poison resistance]

   Str:       It affects your strength (+5).
   Int:       It affects your intelligence (+4).
   rPois:     It protects you from poison.
 w - the ring "Konlithra" (right hand) {Ice rElec MP+9 Slay+6 SInv}
   (You found it on level 5 of the Lair of Beasts)

   [ring of ice]

   It enhances your ice magic.
   Slay:      It affects your accuracy & damage with ranged weapons and melee
   (+6).
   rF:        It makes you vulnerable to fire.
   rC:        It protects you from cold.
   rElec:     It insulates you from electricity.
   MP:        It affects your magic capacity (+9).
   SInv:      It lets you see invisible.
 x - an amulet of the acrobat (around neck)
 D - a ring of resist corrosion
 F - a ring of flight
 G - the ring of Xokhloh {+Blink rElec Will+++ AC+4 Stlth-}
   (You found it in a treasure trove)

   [ring of protection]

   AC:        It affects your AC (+4).
   rElec:     It insulates you from electricity.
   +Blink:    It lets you blink.
   Will:      It greatly increases your willpower.
   Stlth:     It makes you less stealthy.
 I - a ring of wizardry
 K - a +4 ring of evasion
 R - the ring "Piufuwuw" {rC++ MP+9}
   (You found it in a treasure trove)

   [ring of magical power]

   rC:        It greatly protects you from cold.
   MP:        It affects your magic capacity (+9).
 V - a +4 ring of protection (left hand)
 Z - the ring of Ascent {rElec MP-9 Str+6 Dex+4}
   (You took it off a deep elf pyromancer on level 11 of the Dungeon)

   [ring of strength]

   Str:       It affects your strength (+6).
   Dex:       It affects your dexterity (+4).
   rElec:     It insulates you from electricity.
   MP:        It affects your magic capacity (-9).
Wands
 g - a wand of mindburst (6)
 t - a wand of digging (4)
 y - a wand of acid (3)
 A - a wand of iceblast (42)
 E - a wand of polymorph (3)
 P - a wand of paralysis (3)
 S - a wand of charming (2)
Scrolls
 d - 7 scrolls of blinking
 e - 5 scrolls of vulnerability
 h - 11 scrolls of fear
 i - 9 scrolls of teleportation
 j - 2 scrolls of immolation
 J - 6 scrolls of amnesia
 N - 3 scrolls of holy word
 U - 2 scrolls of identify
 W - 4 scrolls of magic mapping
Potions
 c - 4 potions of invisibility
 l - 4 potions of ambrosia
 n - 5 potions of heal wounds
 o - 5 potions of curing
 s - 8 potions of attraction
 u - 3 potions of mutation
 H - a potion of lignification
 L - 4 potions of might
 M - 3 potions of cancellation
 Q - 4 potions of haste
 X - 2 potions of brilliance
Miscellaneous
 q - a piece from Xom's chessboard (15/15)
 C - a phantom mirror
 Y - a lightning rod (4/4)


   Skills:
 + Level 11.0 Fighting
 - Level 15.0 Short Blades
 - Level 5.0 Armour
 - Level 8.0 Dodging
 - Level 10.0 Stealth
 - Level 9.0 Spellcasting
 - Level 4.0 Conjurations
 + Level 15.5 Hexes
 - Level 1.3 Translocations
 - Level 4.0 Ice Magic
 - Level 11.0 Invocations
 - Level 5.0 Evocations


You had 5 spell levels left.
You knew the following spells:

 Your Spells              Type           Power      Damage    Failure   Level
a - Ensorcelled Hibernat  Hex/Ice        100%       N/A       1%          2
b - Tukima's Dance        Hex            75%        N/A       1%          3
c - Confusing Touch       Hex            75%        N/A       1%          3
d - Dazzling Flash        Conj/Hex       100%       N/A       1%          3
e - Blink                 Tloc           36%        N/A       11%         2
f - Enfeeble              Hex            37%        N/A       19%         7
g - Silence               Hex/Air        25%        N/A       14%         5
h - Cause Fear            Hex            37%        N/A       1%          4

Your spell library contained the following spells:

 Spells                   Type           Power      Damage    Failure   Level
 Inner Flame              Hex/Fire       51%        N/A       1%          3
 Frozen Ramparts          Ice            96%        1d11      7%          3
 Beastly Appendage        Tmut           22%        N/A       12%         1
 Pain                     Necr           44%        1d6       12%         1
 Sandblast                Erth           22%        2d7       12%         1
 Yara's Violent Unravell  Hex/Tmut       25%        3d11      14%         5
 Stone Arrow              Conj/Erth      44%        3d9       16%         3
 Passwall                 Tmut/Erth      9%         N/A       19%         2
 Wereblood                Tmut           11%        N/A       19%         2
 Lesser Beckoning         Tloc           18%        N/A       22%         3
 Spider Form              Tmut/Pois      11%        N/A       36%         3
 Ice Form                 Ice/Tmut       33%        N/A       47%         4
 Summon Ice Beast         Ice/Summ       33%        N/A       47%         4
 Passage of Golubria      Tloc           18%        N/A       56%         4
 Animate Dead             Necr           5%         N/A       77%         4
 Manifold Assault         Tloc           18%        N/A       89%         5
 Agony                    Necr           11%        N/A       98%         5
 Borgnjor's Vile Clutch   Necr/Erth      5%         N/A       98%         5
 Excruciating Wounds      Necr           5%         N/A       98%         5
 Discord                  Hex            37%        N/A       80%         8
 Death Channel            Necr           5%         N/A       100%        6
 Simulacrum               Ice/Necr       16%        N/A       100%        6
 Infestation              Necr           5%         N/A       100%        8
 Lehudib's Crystal Spear  Conj/Erth      11%        10d4      100%        8


Dungeon Overview and Level Annotations

Branches:
Dungeon (13/15)            Temple (1/1) D:6            Lair (6/6) D:9
 Shoals (0/4) Lair:2       Spider (0/4) Lair:3        Slime (0/5) Lair:5
    Orc (0/2) D:10         Vaults (0/5) D:13        Ossuary (visited)
 Bailey (visited)         Gauntlet (visited)

Altars:
Ashenzari
Cheibriados
Dithmenos
Elyvilon
Fedhas
Gozag
Hepliaklqana
Kikubaaqudgha
Makhleb
Nemelex Xobeh
Okawaru
Qazlal
Ru
Sif Muna
Trog
Uskayaw
Vehumet
Wu Jian
Xom
Yredelemnul
Zin
The Shining One
Jiyva

Shops:
D:3 ?   D:7 ?=**:   D:10 (   D:12 [

Portals:
Abyss: Lair:5

Annotations:
Lair:5 2 transporters, Cotol's ghost, journeyman DgNe


Innate Abilities, Weirdness & Mutations

You are small and have problems with some larger weapons.
You are completely attuned to the shadows.


Message History

The yaktaur is dazzled. x2; The yaktaur wields a +0 arbalest.
The yaktaur shoots a bolt.
The bolt hits you! The yaktaur closely misses you.
The yaktaur captain shoots a bolt.
The bolt hits you!!
You puncture the yaktaur!
The yaktaur is moderately wounded.
You catch the helpless yaktaur completely off-guard!
You stick the yaktaur like a pincushion!!!
You kill the yaktaur!
You can now pass through a line of other dancers.
The yaktaur unwields a +0 arbalest.
The yaktaur completely misses you.
The yaktaur captain shoots a bolt.
The bolt closely misses you.
You see here a scroll of vulnerability.
You puncture the yaktaur!
The yaktaur is moderately wounded.
The yaktaur captain shoots a bolt.
The bolt closely misses you.
The yaktaur shouts!
The yaktaur is no longer blind.
The yaktaur captain shoots a bolt.
The bolt hits you!!
* * * LOW HITPOINT WARNING * * *
A cyclops comes into view.
The yaktaur completely misses you.
You see here a potion of heal wounds.
Okay, then.
As you read the scroll of fear, it crumbles to dust.
You assume a fearsome visage.
The yaktaur looks frightened!
The yaktaur captain looks frightened!
The cyclops looks frightened!
You see here a scroll of vulnerability.
Cornered, the yaktaur captain turns to fight!
You can no longer pass through a line of other dancers.
You see here a book of Pain.
The yaktaur captain shoots a bolt.
The bolt misses you.
Casting: Dazzling Flash (safe; 1% risk of failure)
Confirm with . or Enter, or press ? or * to list all spells.
Aiming: Ensorcelled Hibernation (safe; 1% risk of failure)
Press: ? - help, Shift-Dir - straight line, f - yaktaur captain
Aim: a yaktaur captain, wielding a +2 vorpal arbalest (chance to affect: 37%)
You feel a surge of power!
The yaktaur captain easily resists.
The yaktaur captain shoots a bolt.
The bolt hits you!!
* * * LOW HITPOINT WARNING * * *
You die...

#c..###.#.#....
.....∩#...:.#
.....)#.#...#
#..!?....#.# ..
#.....c..#c# ..
#........#.# ..
#........#.# #### ..
####.....#.#
##...### #@#
##....... #.#
#.......# #.#
#........ #.#
#.......# ###.#
#......##
#...########.#...##
#.#........#.##....
#...######.#.#######
##...........#


You could see a yaktaur captain.

Vanquished Creatures
  Nessos (D:13)
  A minotaur (Gauntlet)
  Harold (Lair:1)
  A boulder beetle (D:12)
  12 hydras
  A merfolk avatar (Lair:6)
  2 catoblepae
  3 centaur warriors
  A death knight (D:11)
  7 two-headed ogres
  Erica (D:9)
  A death yak (Lair:2)
  Urug (Lair:3)
  A fire crab (Lair:5)
  An orc knight (D:11)
  3 ugly things (D:11)
  A harpy (Lair:6)
  A wolf spider (D:11)
  3 deep elf pyromancers
  2 cyclopes
  3 manticores
  8 black mambas
  A torpor snail (Lair:2)
  18 elephants
  Joseph (D:9)
  An orange demon (Gauntlet)
  13 cane toads
  2 unseen horrors
  7 rime drakes
  2 minotaur zombies (Gauntlet)
  An efreet (D:13)
  20 komodo dragons
  A yaktaur (D:13)
  2 trolls
  2 meliai (D:11)
  5 polar bears
  3 wind drakes
  5 hornets
  Grinder (D:3)
  17 blink frogs
  9 dream sheep
  6 slime creatures
  8 shadows
  A vampire (D:13)
  5 wyverns
  82 yaks
  4 spriggans (Bailey)
  Grum (D:9)
  3 steam dragons
  6 wraiths
  4 basilisks
  7 vampire mosquitoes
  2 acid dragons
  12 water moccasins
  A hornet zombie (Ossuary)
  2 ice beasts
  3 orc warriors (D:10)
  A black bear (D:6)
  6 ogres (Bailey)
  6 wolves
  9 centaurs
  2 phantoms
  11 bullfrogs
  2 kobold brigands (D:9)
  An elf zombie (D:7)
  3 gnoll sergeants
  An elf skeleton (D:7)
  3 scorpions
  2 water moccasin zombies (Ossuary)
  4 killer bees (D:8)
  A howler monkey (D:9)
  4 electric eels
  4 lava snakes (Lair:3)
  A centaur zombie (Ossuary)
  4 bullfrog zombies (Ossuary)
  2 hounds (D:6)
  3 orc priests
  A gnoll shaman (D:4)
  2 human zombies (D:7)
  3 iguanas
  10 orc wizards
  2 killer bee zombies (Ossuary)
  11 mummies (Ossuary)
  2 howler monkey zombies (Ossuary)
  9 adders
  22 gnolls
  3 white imps (D:7)
  2 ufetubi
  4 dart slugs
  3 worms (D:2)
  25 orcs
  10 ball pythons
  11 endoplasms
  3 giant cockroaches
  16 goblins
  4 hobgoblins
  9 jackals
  A quokka (D:1)
  3 bats
  5 frilled lizards
  18 kobolds
  An orc skeleton (D:7)
  An orc zombie (D:7)
  3 rats
  A bush (D:2)
569 creatures vanquished.

Vanquished Creatures (collateral kills)
  Sigmund (D:3)
  Terence (D:3)
  2 gnolls (D:4)
4 creatures vanquished.

Vanquished Creatures (others)
  5 dancing weapons
  A centaur (D:11)
  A killer bee (D:8)
  A bush (Lair:6)
  34 fungi
  105 plants
  12 withered plants
159 creatures vanquished.

Grand Total: 732 creatures vanquished

Notes
Turn   | Place    | Note
-------+----------+-------------------------------------------
     0 | D:1      | Toastz the Kobold Enchanter began the quest for the Orb.
     0 | D:1      | Reached XP level 1. HP: 10/10 MP: 3/3
   191 | D:1      | Reached skill level 1 in Fighting
   196 | D:1      | Reached XP level 2. HP: 16/16 MP: 5/5
   263 | D:1      | Learned a level 2 spell: Ensorcelled Hibernation
   792 | D:1      | Reached XP level 3. HP: 21/21 MP: 6/6
   924 | D:1      | Learned a level 3 spell: Tukima's Dance
  1382 | D:2      | Found a faded altar of an unknown god.
  1518 | D:2      | Reached XP level 4. HP: 20/27 MP: 7/7
  2007 | D:2      | Reached skill level 1 in Ice Magic
  3011 | D:3      | Noticed Sigmund
  3153 | D:3      | Noticed Grinder
  3156 | D:3      | Reached XP level 5. HP: 32/32 MP: 8/8
  3168 | D:2      | Learned a level 3 spell: Confusing Touch
  3257 | D:3      | Killed Grinder
  3258 | D:3      | Reached skill level 5 in Short Blades
  3258 | D:3      | Reached XP level 6. HP: 16/37 MP: 6/9
  3929 | D:3      | Noticed Terence
  3945 | D:3      | Killed Terence
  3946 | D:3      | Reached XP level 7. HP: 36/41 MP: 3/10
  4005 | D:3      | Found Xuinwua's Magic Scroll Shoppe.
  4060 | D:3      | Killed Sigmund
  4069 | D:3      | Learned a level 3 spell: Dazzling Flash
  4443 | D:4      | Found a white marble altar of Elyvilon.
  5618 | D:4      | Reached skill level 5 in Hexes
  5874 | D:4      | Became a worshipper of Elyvilon the Healer
  6050 | D:4      | Found an ornate altar of the Wu Jian Council.
  6055 | D:4      | Found a shadowy altar of Dithmenos.
  6057 | D:4      | Found a faded altar of an unknown god.
  6058 | D:4      | Found a glowing silver altar of Zin.
  6063 | D:4      | Found a blossoming altar of Fedhas.
  6101 | D:4      | Fell from the grace of Elyvilon
  6101 | D:4      | Became a worshipper of Zin the Law-Giver
  6101 | D:4      | Reached * piety under Zin
  6131 | D:5      | Entered Level 5 of the Dungeon
  6131 | D:5      | Noticed a water moccasin
  6142 | D:5      | Killed a water moccasin
  6143 | D:5      | Reached XP level 8. HP: 14/48 MP: 5/12
  6450 | D:5      | Reached skill level 1 in Invocations
  6460 | D:5      | Reached skill level 1 in Armour
  6977 | D:5      | Reached ** piety under Zin
  7980 | D:6      | Reached XP level 9. HP: 52/52 MP: 13/13
  8015 | D:6      | Found a staircase to the Ecumenical Temple.
  8021 | Temple   | Entered the Ecumenical Temple
  8244 | Temple   | Fell from the grace of Zin
  8244 | Temple   | Became a worshipper of Uskayaw the Reveller
  8453 | D:6      | Identified the +3 chain mail of Maishrus {Harm rPois rC+}
  8456 | D:6      | Reached * piety under Uskayaw
  8457 | D:6      | Reached skill level 5 in Stealth
  9097 | D:7      | Reached ** piety under Uskayaw
  9104 | D:7      | Found Jaronacigu's Assorted Antiques.
  9168 | D:7      | Found Binyx's Book Shop.
  9330 | D:7      | Reached *** piety under Uskayaw
  9366 | D:7      | Reached skill level 5 in Fighting
  9377 | D:7      | Identified the +10 war axe of Evil {drain, rC++}
  9472 | D:7      | Reached skill level 10 in Short Blades
  9474 | D:7      | Found a sand-covered staircase.
  9501 | Ossuary  | Entered an ossuary
  9545 | Ossuary  | Reached skill level 1 in Conjurations
  9548 | Ossuary  | Reached **** piety under Uskayaw
 10069 | D:7      | Reached XP level 10. HP: 60/60 MP: 14/14
 10297 | D:7      | Found Barejub's Assorted Antiques.
 10410 | D:7      | Found Gozat's Jewellery Boutique.
 10463 | D:7      | Found Biwistrex's Magic Scroll Boutique.
 10638 | D:8      | Found a sparkling altar of Nemelex Xobeh.
 10677 | D:8      | Reached skill level 5 in Invocations
 11242 | D:9      | Noticed a two-headed ogre
 11257 | D:9      | Killed a two-headed ogre
 11902 | D:9      | Paralysed by a hornet for 2 turns
 12098 | D:9      | Noticed Erica
 12124 | D:9      | Killed Erica
 12125 | D:9      | Reached XP level 11. HP: 66/67 MP: 6/15
 12348 | D:9      | Noticed Grum
 12370 | D:9      | Killed Grum
 12625 | D:9      | Got the Disquisition on the Dark Rocks
 12694 | D:9      | Noticed Joseph
 12715 | D:9      | Killed Joseph
 12716 | D:9      | Reached skill level 5 in Dodging
 12738 | D:9      | Identified the +2 leather armour of the Gloaming {Rampage
                  | Dex+4}
 12885 | D:9      | Found a staircase to the Lair.
 12953 | D:10     | Entered Level 10 of the Dungeon
 13150 | D:10     | Found a flagged portal.
 13185 | Bailey   | Entered a bailey
 13285 | Bailey   | Noticed a two-headed ogre
 13295 | Bailey   | Killed a two-headed ogre
 13296 | Bailey   | Reached skill level 5 in Spellcasting
 13335 | Bailey   | Identified the +0 morningstar of the Moon {antimagic, rPois
                  | rF+ SInv}
 14078 | D:7      | Bought a book of Misfortune for 432 gold pieces
 14244 | D:10     | Reached ***** piety under Uskayaw
 14326 | D:10     | Found a staircase to the Orcish Mines.
 14708 | D:10     | Reached XP level 12. HP: 70/73 MP: 10/20
 14889 | D:10     | Noticed a two-headed ogre
 14891 | D:10     | Killed a two-headed ogre
 15050 | D:10     | Reached skill level 10 in Hexes
 15081 | D:10     | Found Pakk's Antique Weapon Shoppe.
 15642 | D:11     | Noticed a two-headed ogre
 15645 | D:11     | Killed a two-headed ogre
 15737 | D:11     | Noticed a death knight
 15742 | D:11     | Killed a death knight
 15965 | D:11     | Noticed a two-headed ogre
 15966 | D:11     | Noticed a centaur warrior
 15967 | D:11     | Killed a two-headed ogre
 16129 | D:11     | Killed a centaur warrior
 16346 | D:11     | Noticed a centaur warrior
 16355 | D:11     | Killed a centaur warrior
 16444 | D:11     | Noticed an eight-headed hydra
 16449 | D:11     | Killed an eight-headed hydra
 16547 | D:11     | Identified the ring of Ascent {rElec MP-9 Str+6 Dex+4}
 16552 | D:11     | Reached XP level 13. HP: 47/80 MP: 20/23
 16901 | D:11     | Identified the amulet "Zuotz" {Spirit rN+}
 16905 | D:11     | Identified the ring "Peyss" {rC- Will+ MP+9 Str+2 Slay+3}
 17077 | D:11     | Identified the ring of Witiudir {rPois rC- MP+9 Str+4}
 17216 | Lair:1   | Entered Level 1 of the Lair of Beasts
 17280 | Lair:1   | Noticed Harold
 17285 | Lair:1   | Killed Harold
 17307 | Lair:1   | Found a gate leading to a gauntlet.
 17319 | Gauntlet | Entered a Gauntlet
 17319 | Gauntlet | Found a transporter.
 17319 | Gauntlet | Found a transporter.
 17330 | Gauntlet | Found a transporter.
 17347 | Gauntlet | Found a transporter.
 17347 | Gauntlet | Found a transporter.
 17377 | Gauntlet | Found a transporter.
 17395 | Gauntlet | Found a transporter.
 17421 | Gauntlet | Found a transporter.
 17445 | Gauntlet | Found a transporter.
 17492 | Gauntlet | Found a transporter.
 17514 | Gauntlet | Found a transporter.
 17521 | Gauntlet | Found a transporter.
 17605 | Gauntlet | Found a transporter.
 17613 | Gauntlet | Found a transporter.
 17618 | Gauntlet | Noticed a green death
 17635 | Gauntlet | Found a transporter.
 17642 | Gauntlet | Found a transporter.
 17757 | Gauntlet | Identified the +3 helmet "Juphed" {rN+ Int+8}
 17795 | Gauntlet | Learned a level 2 spell: Blink
 18107 | Gauntlet | Identified the +0 helmet of Autumn {rC++ rN+}
 18539 | Gauntlet | Noticed a minotaur
 18558 | Gauntlet | Killed a minotaur
 18559 | Gauntlet | Reached skill level 1 in Translocations
 18763 | Gauntlet | Reached skill level 10 in Fighting
 19602 | Lair:2   | Found a staircase to the Shoals.
 19630 | Lair:2   | Reached skill level 5 in Armour
 19677 | Lair:2   | Noticed a catoblepas
 19678 | Lair:2   | Noticed a four-headed hydra
 20100 | Lair:2   | Killed a catoblepas
 20253 | Lair:2   | Noticed a four-headed hydra
 20262 | Lair:2   | Killed a four-headed hydra
 20287 | Lair:2   | Killed a four-headed hydra
 20288 | Lair:2   | Reached XP level 14. HP: 88/88 MP: 15/24
 21578 | Lair:3   | You fall into a shaft and drop 2 floors!
 21582 | Lair:5   | Identified the ring "Konlithra" {Ice rElec MP+9 Slay+6
                  | SInv}
 21862 | Lair:5   | Reached ****** piety under Uskayaw
 22131 | Lair:5   | Found a viscous altar of Jiyva.
 22131 | Lair:5   | Found a staircase to the Slime Pits.
 23587 | Lair:3   | Found a hole to the Spider Nest.
 23764 | Lair:3   | Reached skill level 10 in Stealth
 23766 | Lair:3   | Reached XP level 15. HP: 92/92 MP: 28/28
 23856 | Lair:3   | Noticed Urug
 23869 | Lair:3   | Killed Urug
 24607 | Lair:5   | Found a one-way gate to the infinite horrors of the Abyss.
 24612 | Lair:5   | Found a transporter.
 24627 | Lair:5   | Noticed Cotol's ghost (journeyman DgNe)
 24644 | Lair:5   | Found a transporter.
 25261 | Lair:5   | Noticed a broodmother
 25281 | Lair:6   | Entered Level 6 of the Lair of Beasts
 25546 | Lair:5   | Learned a level 7 spell: Enfeeble
 25995 | Lair:6   | Identified the ring "Dipeo" {rElec rC+ Int+4 Slay+3 Stlth-}
 26263 | Lair:6   | Reached skill level 10 in Invocations
 26648 | Lair:6   | Reached skill level 1 in Evocations
 26756 | Lair:6   | Reached skill level 15 in Hexes
 26756 | Lair:6   | Reached XP level 16. HP: 95/100 MP: 22/29
 27355 | Lair:6   | Identified the ring "Mueczemi" {rPois Str+5 Int+4}
 27369 | Lair:6   | Identified the +3 trident of the Burning Bear {flame,
                  | Int+2}
 27486 | Lair:6   | Learned a level 5 spell: Silence
 27867 | D:12     | Found Zaffeur's Antique Armour Emporium.
 27932 | D:12     | Reached XP level 17. HP: 75/104 MP: 19/30
 28133 | D:12     | Reached skill level 15 in Short Blades
 28401 | D:12     | Found a portal to a secret trove of treasure.
 28550 | D:7      | Bought a scroll of fog for 22 gold pieces
 28700 | D:12     | You paid a toll of 5 scrolls of fog to enter a treasure
                  | trove
 28701 | Trove    | Entered a treasure trove
 28721 | Trove    | Identified the ring of Xokhloh {+Blink rElec Will+++ AC+4
                  | Stlth-}
 28723 | Trove    | Identified the ring "Piufuwuw" {rC++ MP+9}
 29001 | D:13     | Learned a level 4 spell: Cause Fear
 29084 | D:13     | Noticed Nessos
 29087 | D:13     | Killed Nessos
 29088 | D:13     | Reached skill level 5 in Evocations
 29283 | D:13     | Found a gate to the Vaults.
 29305 | D:13     | Shot with a bolt by a yaktaur captain

Illustrated notes

Levels and vault maps discovered:
D:1:      dpeg_arrival_snail, layout_basic, minmay_shallow_snake_nest
D:2:      layout_loops_cross, ebering_ecumenical_altar_mist,
          lexackson_kobold_supper
D:3:      layout_basic, serial_shops, shop, hex_intersection, uniq_grinder,
          uniq_terence, uniq_sigmund
D:4:      minmay_opposing_rooms, layout_rooms,
          chequers_temple_overflow_minitemple, elyvilon_altar_5
D:5:      layout_loops_ring
D:6:      layout_layer_cave, minmay_temple_entry_purple_smoke
D:7:      layout_rooms, nicolae_ossuary_entry_catacombs, serial_shops,
          nicolae_take_the_stairs, nicolae_lakefront_shop, shop,
          nicolae_lakefront_shop, kennysheep_little_box,
          dreamdust_princess_corridor
D:8:      layout_rooms, nemelex_xobeh_ov_fountains_minmay, worms_lemuel
D:9:      layout_rooms, lair_entry_dummy, uniq_grum, uniq_joseph, uniq_erica
D:10:     layout_loops_ring, david_orc_2, serial_shops, kennysheep_mini_moat,
          enter_bailey_7, solitary_fountain
D:11:     minmay_the_grid_triangle_9x9_rhombus_full_mashed
          [minmay_the_grid_triangle_9x9_corruption,
          minmay_the_grid_triangle_9x9_pentomino_pain,
          minmay_the_grid_triangle_9x9_from_above,
          minmay_the_grid_triangle_9x9_warning,
          minmay_the_grid_triangle_9x9_windchime,
          minmay_the_grid_triangle_9x9_zippers_vertical,
          minmay_the_grid_triangle_9x9_steps,
          minmay_the_grid_triangle_9x9_prize_special], layout_rooms
D:12:     layout_basic, enter_trove_3, serial_shops, shop_fountains,
          kennysheep_another_room
D:13:     layout_loops_ring, david_vaults_2, uniq_nessos
Temple:   nicolae_temple_elliptical
Lair:1:   layout_hall_layers, gauntlet_entry_generic, uniq_harold
Lair:2:   nzn_winding_woodlands_cross [nzn_winding_woodlands_5x15_split_checker,
          nzn_winding_woodlands_5x15_default,
          nzn_winding_woodlands_5x15_longhouse,
          nzn_winding_woodlands_5x15_parted,
          nzn_winding_woodlands_15x15_five_gardens], layout_chaotic_city,
          minmay_shoals_entry_beasts, serial_bayou_shore_b
Lair:3:   layout_small_grid, spider_nest_entry_web_field,
          nicolae_lair_liquid_snakes, grunt_megastairs_2,
          infiniplex_staircase_pool_2, uniq_urug
Lair:4:   layout_small_grid, enter_volcano_4
Lair:5:   layout_hall_layers, slime_altar_1, gammafunk_ghost_abyssal_escape,
          hibernation_bobbens
Lair:6:   gammafunk_lair_ancient_temple, layout_loops_ring

Skill      XL: |  1  2  3  4  5  6  7  8  9 10 11 12 13 14 15 16 17 |
---------------+----------------------------------------------------+-----
Fighting       | 1 2 3 4 6 7 8 9 10 11 | 11.0
Short Blades   | 2 3 5 7 8 10 11 13 14 15 | 15.0
Ice Magic      | 1 2 3 4 |  4.0
Hexes          | 4 5 6 8 9 11 12 13 15 | 15.5
Spellcasting   | 3 5 7 9 |  9.0
Dodging        | 3 4 6 7 8 |  8.0
Invocations    | 3 4 6 7 9 11 | 11.0
Armour         | 2 3 4 5 |  5.0
Stealth        | 5 7 10 | 10.0
Conjurations   | 2 3 4 |  4.0
Translocations | 1 |  1.3
Evocations     | 2 3 5 |  5.0

Action                   |  1- 3 |  4- 6 |  7- 9 | 10-12 | 13-15 | 16-18 || total
-------------------------+-------+-------+-------+-------+-------+-------++-------
Melee: Dagger            |    78 |   183 |   255 |   388 |   565 |    71 ||  1540
       Punch             |     2 |     1 |     4 |       |       |       ||     7
       Short sword       |       |       |   123 |   187 |   107 |       ||   417
       Quick blade       |       |       |       |       |       |    37 ||    37
 Cast: Ensorcelled Hiber |     6 |    19 |    34 |    61 |   104 |    33 ||   257
       Confusing Touch   |       |     1 |    10 |    11 |    20 |     1 ||    43
       Tukima's Dance    |       |     1 |     6 |    19 |     2 |       ||    28
       Dazzling Flash    |       |       |     2 |    24 |    50 |     9 ||    85
       Blink             |       |       |       |       |     2 |       ||     2
       Enfeeble          |       |       |       |       |       |     1 ||     1
       Cause Fear        |       |       |       |       |       |     1 ||     1
Invok: Recite            |       |       |     2 |       |       |       ||     2
       Stomp             |       |       |     1 |       |       |       ||     1
  Use: Scroll            |       |     6 |    10 |     6 |    14 |     5 ||    41
       Potion            |       |       |       |     1 |     7 |       ||     8
 Stab: Sleeping          |    16 |    20 |    35 |    41 |    89 |    22 ||   223
       Confused          |       |     2 |    12 |    11 |    20 |     1 ||    46
       Distracted        |       |       |     6 |     2 |     5 |       ||    13
       Paralysed         |       |       |     4 |    13 |    44 |     5 ||    66
       Invisible         |       |       |       |    24 |    54 |    13 ||    91
       Petrified         |       |       |       |       |     2 |       ||     2
Armor: Robe              |    12 |    16 |    30 |    25 |       |       ||    83
       Leather armour    |       |       |       |    20 |   103 |    14 ||   137
Dodge: Dodged            |    47 |    82 |   229 |   450 |   518 |   110 ||  1436
Block: Buckler           |       |       |    29 |   159 |   189 |    36 ||   413

Table legend: (Time is in decaauts)
 A = Elapsed time spent in this place.
 B = Non-inter-level travel time spent in this place.
 C = Inter-level travel time spent in this place.
 D = Time resting spent in this place.
 E = Time spent auto-exploring this place.
 F = Levels seen in this place.
 G = Mean time per level.
                   A        B        C        D        E       F      G
               +--------+--------+--------+--------+--------+-----+--------+
         Total |  28768 |  27143 |   1625 |   6033 |  15596 |  24 | 1198.7 |
       Dungeon |  16767 |  15657 |   1110 |   3379 |   9241 |  13 | 1289.8 |
        Temple |    245 |    212 |     33 |      0 |    194 |   1 |  245.0 |
          Lair |   8898 |   8416 |    482 |   1526 |   5321 |   6 | 1483.0 |
         Trove |     45 |     45 |      0 |      0 |     29 |   1 |   45.0 |
       Ossuary |    586 |    586 |      0 |      3 |    391 |   1 |  586.0 |
        Bailey |    805 |    805 |      0 |    486 |    106 |   1 |  805.0 |
      Gauntlet |   1418 |   1418 |      0 |    639 |    312 |   1 | 1418.0 |
               +--------+--------+--------+--------+--------+-----+--------+

Top non-repeatable levels by time:
    D:11: 2106 daAuts
     D:2: 2058 daAuts
  Lair:5: 1895 daAuts
  Lair:4: 1776 daAuts
     D:3: 1701 daAuts
  Lair:2: 1699 daAuts
  Lair:6: 1612 daAuts
     D:9: 1510 daAuts
Gauntlet: 1418 daAuts
     D:4: 1317 daAuts
    D:10: 1286 daAuts
     D:6: 1263 daAuts
     D:1: 1228 daAuts
     D:5: 1151 daAuts
  Lair:3: 1087 daAuts
